 Dungeon Crawl Stone Soup version 0.24.0-123-gd5b16e6ec5 (webtiles) character file.

Game seed: 15553070434323832532, levelgen mode: deterministic

537 kamykahzee the Chopper (level 7, 0/44 HPs)
             Began as a Gargoyle Fighter on Jan 16, 2020.
             Slain by Menkaure (11 damage)
             ... on level 4 of the Dungeon on Jan 17, 2020.
             The game lasted 00:08:37 (4194 turns).

kamykahzee the Chopper (Gargoyle Fighter)           Turns: 4194, Time: 00:08:38

Health: 0/44       AC: 19    Str: 21    XL:     7   Next: 25%
Magic:  7/7        EV:  5    Int: 11    God:
Gold:   174        SH:  9    Dex:  9    Spells: 6/6 levels left

rFire    + . .     SeeInvis .   a - +0 war axe
rCold    . . .     Gourm    .   c - +0 shield
rNeg     + . .     Faith    .   z - +0 chain mail
rPois    ∞         Spirit   .   e - +0 helmet
rElec    +         Reflect  .   (no cloak)
rCorr    .         Harm     .   (no gloves)
MR       .....                  y - +2 pair of boots
Stlth    ..........             (no amulet)
HPRegen  0.14/turn              h - ring of protection from fire
MPRegen  0.10/turn              x - +2 ring of intelligence

@: no status effects
A: negative energy resistance 1, electricity resistance, unbreathing,
petrification resistance, rot immunity, AC +4
a: no special abilities


You were on level 4 of the Dungeon.
You were not hungry.

You visited 1 branch of the dungeon, and saw 4 of its levels.

You collected 174 gold pieces.

Inventory:

Hand Weapons
 a - a +0 war axe (weapon)
Missiles
 o - 2 atropa-tipped darts (quivered)
Armour
 b - a +0 scale mail
 c - a +0 shield (worn)
 e - a +0 helmet (worn)
 y - a +2 pair of boots (worn)
 z - a +0 chain mail (worn)
Jewellery
 h - a ring of protection from fire (left hand)
 j - an uncursed ring of ice
 s - an uncursed ring of flight
 x - a +2 ring of intelligence (right hand)
Wands
 g - a wand of flame (18)
Scrolls
 k - 2 scrolls of immolation {unknown}
 m - 3 scrolls of teleportation {unknown}
 n - 5 scrolls of remove curse {unknown}
 p - a scroll of identify
 u - a scroll of fog {unknown}
 A - a scroll of noise {unknown}
Potions
 d - 3 potions of might
 i - a potion of haste
 l - 6 potions of curing
 q - a potion of lignification
 r - a potion of brilliance
 t - a potion of cancellation
 w - a potion of heal wounds
Comestibles
 f - 7 rations
 v - 2 chunks of flesh


   Skills:
 + Level 4.4 Fighting
 + Level 5.3 Axes
 + Level 0.9 Throwing
 + Level 5.2 Armour
 - Level 0.2 Dodging
 - Level 0.2 Stealth
 - Level 3.2 Shields


You had 6 spell levels left.
You didn't know any spells.
Your spell library was empty.

Dungeon Overview and Level Annotations

Branches:
Dungeon (4/15)
 Temple: D:4-7

Altars:

Annotations:
D:3 exclusion: downstairs
D:4 Menkaure, Sigmund


Innate Abilities, Weirdness & Mutations

You are resistant to torment.
Your stone body is resilient. (AC +4)
You are immune to poison.
You resist negative energy. (rN+)
You are resistant to electric shocks. (rElec)
You can survive without breathing.
You are immune to petrification.
You are immune to rotting.


Message History

You barely miss Menkaure.
Menkaure is lightly damaged.
Menkaure hits you.
Menkaure calls on the powers of darkness!
Your body is wracked with pain!
Your shield and chain mail prevent you from hitting Menkaure.
Menkaure is lightly damaged.
Menkaure calls on the powers of darkness!
Your body is wracked with pain!
Menkaure hits you!
* * * LOW HITPOINT WARNING * * *
You are too injured to fight recklessly!
You are too injured to fight recklessly!
You are too injured to fight recklessly!
You slash Menkaure!
Menkaure is severely damaged.
You block Menkaure's attack.
You hit Menkaure but do no damage.
Menkaure is severely damaged.
Menkaure hits you!
You die...

#....#ho.hoa.......# #####
#....#o###.........## ## #....#o#
#..........$ .. #.####a#
#......... ####### # #h# #.#
#........ #......
....##.####.###.###.#######.###.#
..........................#.#...#
................##........#.#.###
..............?M@'........'.#....
(...............##........###....
.....#+###......########### #....
....# #.......# #.... ####
#......... #.### ......... #. #
###.... # # #.... # #


You could see Menkaure.

Vanquished Creatures
  A phantom (D:4)
  Blork the orc (D:4)
  A howler monkey (D:4)
  A bullfrog zombie (D:3)
  An orc priest (D:4)
  Ijyb (D:3)
  Natasha (thrice) (D:3)
  2 worker ants
  A hound skeleton (D:4)
  2 adders
  2 oozes (D:2)
  2 worms
  2 leopard geckos
  5 orcs
  A ball python (D:1)
  3 giant cockroaches
  11 goblins
  9 hobgoblins
  8 jackals
  3 quokkas
  6 bats
  3 frilled lizards
  9 kobolds
  12 rats
90 creatures vanquished.

Notes
Turn   | Place    | Note
-------+----------+-------------------------------------------
     0 | D:1      | kamykahzee the Gargoyle Fighter began the quest for the
                  | Orb.
     0 | D:1      | Reached XP level 1. HP: 14/14 MP: 1/1
   167 | D:1      | Reached XP level 2. HP: 19/19 MP: 2/2
   420 | D:1      | Reached XP level 3. HP: 23/23 MP: 3/3
  1503 | D:2      | Reached XP level 4. HP: 28/28 MP: 4/4
  2023 | D:3      | You fall into a shaft and drop 1 floor!
  2163 | D:4      | Noticed Menkaure
  2464 | D:3      | Noticed Ijyb
  2475 | D:3      | Killed Ijyb
  2475 | D:3      | Reached XP level 5. HP: 30/33 MP: 5/5
  2641 | D:3      | Noticed Natasha
  2650 | D:3      | Killed Natasha
  2661 | D:3      | Noticed Natasha
  2670 | D:3      | Killed Natasha
  3293 | D:3      | Noticed Natasha
  3302 | D:3      | Killed Natasha
  3302 | D:3      | Reached XP level 6. HP: 26/38 MP: 6/6
  3468 | D:4      | Noticed Blork the orc
  3486 | D:4      | Killed Blork the orc
  3681 | D:4      | Reached skill level 5 in Armour
  3699 | D:4      | Noticed Sigmund
  3704 | D:3      | Reached skill level 5 in Axes
  4051 | D:4      | Reached XP level 7. HP: 43/44 MP: 7/7
  4194 | D:4      | Slain by Menkaure

Levels and vault maps discovered:
D:1:      dpeg_arrival_renting, layout_basic
D:2:      minmay_chambers_of_ones, layout_loops_ring, first_ration,
          minmay_octomino_j4
D:3:      layout_loops_cross, uniq_natasha, uniq_ijyb
D:4:      kennysheep_goblin_castle, layout_basic, uniq_menkaure, uniq_sigmund,
          uniq_blork_the_orc

Skill      XL: |  1  2  3  4  5  6 |
---------------+-------------------+-----
Axes           | 2 3 4 5 |  5.3
Armour         | 4 5 |  5.2
Fighting       | 4 |  4.4
Throwing       | |  0.9
Dodging        | |  0.2
Stealth        | |  0.2
Shields        | |  3.2

Action                   |  1- 3 |  4- 6 |  7- 9 || total
-------------------------+-------+-------+-------++-------
Melee: War axe           |   173 |   170 |    28 ||   371
Throw: Dart              |       |     9 |       ||     9
  Use: Scroll            |       |     6 |       ||     6
  Eat: Chunk             |     2 |     9 |       ||    11
Armor: Scale mail        |   118 |    83 |       ||   201
       Chain mail        |       |    26 |    12 ||    38
Dodge: Dodged            |    62 |    63 |     7 ||   132
Block: Shield            |    96 |    97 |    11 ||   204
